 Dungeon Crawl Stone Soup version 0.21.0-3-g78d12a8 (webtiles) character file.

6507 Suckerboh the Thaumaturge (level 10, 0/52 HPs)
             Began as a Deep Elf Fire Elementalist on Jan 13, 2018.
             Was a Follower of Vehumet.
             Slain by a troll (12 damage)
             ... on level 10 of the Dungeon.
             The game lasted 00:22:55 (11344 turns).

Suckerboh the Thaumaturge (DEFE)                   Turns: 11344, Time: 00:22:55

Health: 0/52       AC:  6    Str:  5    XL:     10   Next: 69%
Magic:  9/29       EV: 14    Int: 24    God:    Vehumet [*.....]
Gold:   367        SH:  0    Dex: 15    Spells: 21/35 levels left

rFire    . . .     SeeInvis .   a - +2 dagger (venom)
rCold    . . .     Gourm    .   (no shield)
rNeg     + . .     Faith    .   t - +0 robe
rPois    .         Spirit   .   (no helmet)
rElec    .         Reflect  .   G - +0 cloak
rCorr    .         Harm     .   B - +2 pair of gloves "Momp" {rN+ Stlth+}
MR       +....                  (no boots)
Stlth    +++.......             (no amulet)
HPRegen  0.17/turn              (no ring)
MPRegen  0.21/turn              (no ring)

@: no status effects
A: no striking features
a: Renounce Religion


You were on level 10 of the Dungeon.
You worshipped Vehumet.
Vehumet was aware of your devotion.
You were very hungry.

You visited 2 branches of the dungeon, and saw 11 of its levels.

You collected 367 gold pieces.

Inventory:

Hand Weapons
 a - a +2 dagger of venom (weapon)
 j - a cursed +0 spear
 r - a +3 dagger
Armour
 t - a +0 robe (worn)
 B - the +2 pair of gloves "Momp" (worn) {rN+ Stlth+}
   (You found it on level 7 of the Dungeon)

   It protects you from negative energy.
   It makes you more stealthy.
 C - a +0 leather armour of poison resistance
 G - a +0 cloak (worn)
 N - a cursed -1 robe
Magical Staves
 H - an uncursed staff of poison
Jewellery
 f - an uncursed amulet of faith {unknown}
 h - an uncursed ring of positive energy {unknown}
 x - an uncursed ring of protection from fire {unknown}
Wands
 p - a wand of polymorph (7)
 v - a wand of random effects (64)
 z - a wand of digging (39)
 D - a wand of flame (31)
 K - a wand of iceblast (6)
 M - a wand of paralysis (12)
Scrolls
 d - 9 scrolls of teleportation {unknown}
 e - 6 scrolls of identify {unknown}
 l - 4 scrolls of remove curse {unknown}
 m - 4 scrolls of amnesia {unknown}
 n - 4 scrolls of magic mapping {unknown}
 q - a scroll of noise {unknown}
 s - 2 scrolls of enchant weapon {unknown}
 y - a scroll of blinking {unknown}
 J - a scroll of enchant armour {unknown}
Potions
 g - 4 potions of degeneration {unknown}
 i - a potion of mutation {unknown}
 k - 3 potions of lignification {unknown}
 o - a potion of might {unknown}
 u - a potion of magic {unknown}
 w - a potion of agility {unknown}
 A - a potion of berserk rage {unknown}
 E - 2 potions of heal wounds {unknown}
 F - a potion of flight {unknown}
 I - a potion of ambrosia {unknown}
 L - 3 potions of curing {unknown}
 O - 2 potions of resistance {unknown}
Books
 b - a book of Flames

   Spells                             Type                      Level
   a - Flame Tongue                   Conjuration/Fire             1
   b - Throw Flame                    Conjuration/Fire             2
   c - Conjure Flame                  Conjuration/Fire             3
   d - Inner Flame                    Hexes/Fire                   3
   e - Sticky Flame                   Conjuration/Fire             4
   f - Fireball                       Conjuration/Fire             5
Comestibles
 c - 21 rations


   Skills:
 + Level 1.5 Fighting
 + Level 3.8 Dodging
 - Level 2.4 Stealth
 + Level 13.0 Spellcasting
 * Level 11.0 Conjurations
 + Level 8.5 Fire Magic


You had 21 spell levels left.
You knew the following spells:

 Your Spells              Type           Power        Failure   Level  Hunger
a - Flame Tongue          Conj/Fire      #####        1%          1    None
b - Conjure Flame         Conj/Fire      ######..     1%          3    None
c - Sticky Flame          Conj/Fire      ######..     1%          4    None
d - Fireball              Conj/Fire      ######....   1%          5    ###....
e - Freeze                Ice            ###.         3%          1    None


Dungeon Overview and Level Annotations

Branches:
Dungeon (10/15)            Temple (1/1) D:5
   Lair: D:8-11         Orc: D:9-12

Altars:
Ashenzari
Cheibriados
Dithmenos
Elyvilon
Fedhas
Gozag
Hepliaklqana
Kikubaaqudgha
Makhleb
Nemelex Xobeh
Okawaru
Qazlal
Ru
Sif Muna
Trog
Uskayaw
Vehumet
Wu Jian
Xom
Yredelemnul

Shops:
D:8 :


Message History

Casting: Flame Tongue
Confirm with . or Enter, or press ? or * to list all spells.
Aiming: Flame Tongue
Press: ? - help, Shift-Dir - straight line, f/p - orc wizard
Aim: an orc wizard, wielding a dagger and wearing a robe (severely wounded)
The flame tongue hits the bullfrog.
You kill the bullfrog!
Vehumet accepts your kill.
You feel your power returning. The troll bites you!
The troll closely misses you. The troll claws you!
* * * LOW HITPOINT WARNING * * *
Casting: Flame Tongue
Confirm with . or Enter, or press ? or * to list all spells.
Aiming: Flame Tongue
Press: ? - help, Shift-Dir - straight line, f/p - orc wizard
Aim: an orc wizard, wielding a dagger and wearing a robe (severely wounded)
The flame tongue hits the orc wizard.
The orc wizard is almost dead.
The orc wizard misses you. The troll misses you. The troll claws you!
You die...

#.. #. #.#
#.. #.# ...
#.# ..###
#####.##.....
$##.......[<#
......T.....#
#@# #o# .o#
.)## ... ....
..... ......


You could see a troll, an orc wizard and an orc.

Vanquished Creatures
  3 two-headed ogres
  The ghost of Gorice the Skirmisher, an amateur DsWn of Uskayaw (D:4)
  A hornet (D:10)
  Grinder (D:4)
  2 hippogriffs
  Sigmund (D:4)
  The ghost of Daviar the Ruffian, an amateur NaCK of Xom (D:3)
  A human (D:8)
  A water moccasin (D:6)
  Duvessa (D:5)
  2 orc warriors
  2 sky beasts
  2 ice beasts
  A black bear (D:6)
  An ogre (D:9)
  4 centaurs
  2 big kobolds
  5 bullfrogs
  Dowan (D:5)
  A water moccasin skeleton (D:4)
  5 wights (D:8)
  A howler monkey (D:5)
  2 quasits (D:7)
  A centaur skeleton (D:8)
  3 orc priests
  A bullfrog skeleton (D:6)
  12 orc wizards
  2 iguanas
  8 worker ants
  8 gnolls
  A howler monkey skeleton (D:7)
  12 adders
  2 shadow imps
  2 oozes
  An adder zombie (D:5)
  A worm (D:3)
  5 dart slugs
  5 leopard geckos
  34 orcs
  5 bats (D:2)
  3 giant cockroaches
  7 goblins
  11 hobgoblins
  4 jackals (D:2)
  6 quokkas
  4 ball pythons
  7 frilled lizards
  A jackal zombie (D:8)
  10 kobolds
  A kobold skeleton (D:8)
  2 quokka zombies
  12 rats
213 creatures vanquished.

Notes
Turn   | Place    | Note
-------+----------+-------------------------------------------
     0 | D:1      | Suckerboh the Deep Elf Fire Elementalist began the quest for the Orb.
     0 | D:1      | Reached XP level 1. HP: 10/10 MP: 6/6
   156 | D:1      | Reached XP level 2. HP: 15/15 MP: 4/8
   593 | D:1      | Reached XP level 3. HP: 19/19 MP: 7/10
   649 | D:1      | Reached skill level 4 in Spellcasting
  1008 | D:2      | Found an opulent altar of Gozag.
  1140 | D:2      | Learned a level 3 spell: Conjure Flame
  1267 | D:2      | Reached XP level 4. HP: 22/24 MP: 9/12
  1290 | D:2      | Found an iron altar of Okawaru.
  1645 | D:2      | Reached skill level 5 in Spellcasting
  2185 | D:3      | Reached XP level 5. HP: 15/28 MP: 9/15
  2879 | D:3      | Learned a level 4 spell: Sticky Flame
  2885 | D:3      | Learned a level 5 spell: Fireball
  2936 | D:3      | Reached skill level 6 in Spellcasting
  3089 | D:3      | Noticed Daviar's ghost (amateur NaCK)
  3781 | D:3      | Killed Daviar's ghost
  3781 | D:3      | Reached XP level 6. HP: 33/33 MP: 8/17
  3852 | D:4      | Reached skill level 7 in Spellcasting
  4103 | D:4      | Reached skill level 5 in Fire Magic
  4157 | D:4      | Reached XP level 7. HP: 31/37 MP: 12/19
  4356 | D:4      | Noticed Gorice's ghost (amateur DsWn)
  4501 | D:4      | Killed Gorice's ghost
  4501 | D:4      | Reached skill level 8 in Spellcasting
  4876 | D:4      | Noticed Grinder
  4879 | D:4      | Paralysed by Grinder for 2 turns
  4884 | D:4      | Killed Grinder
  4884 | D:4      | Reached skill level 9 in Spellcasting
  4884 | D:4      | Reached skill level 5 in Conjurations
  4884 | D:4      | Reached XP level 8. HP: 30/42 MP: 15/23
  4954 | D:4      | Noticed Sigmund
  5029 | D:4      | Killed Sigmund
  5459 | D:5      | Entered Level 5 of the Dungeon
  5636 | D:5      | Noticed Duvessa
  5636 | D:5      | Noticed Dowan
  5646 | D:4      | Reached skill level 10 in Spellcasting
  5781 | D:5      | Found a staircase to the Ecumenical Temple.
  5911 | D:5      | Killed Duvessa
  5912 | D:5      | Killed Dowan
  6168 | D:5      | Reached skill level 1 in Fighting
  6514 | D:6      | Reached XP level 9. HP: 36/47 MP: 14/25
  6713 | Temple   | Entered the Ecumenical Temple
  6719 | Temple   | Became a worshipper of Vehumet
  6835 | D:6      | Reached skill level 11 in Spellcasting
  7098 | D:6      | Noticed a two-headed ogre
  7109 | D:6      | Killed a two-headed ogre
  8246 | D:7      | Got a pair of bloodstained gloves
  8252 | D:7      | Identified the +2 pair of gloves "Momp" {rN+ Stlth+} (You found it on level 7 of the Dungeon)
  8444 | D:7      | Found a shadowy altar of Dithmenos.
  8922 | D:8      | Reached * piety under Vehumet
  8922 | D:8      | Offered knowledge of Freeze by Vehumet.
  9013 | D:8      | Reached XP level 10. HP: 49/52 MP: 21/27
  9257 | D:8      | Reached skill level 12 in Spellcasting
  9579 | D:8      | Found a runed door.
  9582 | D:8      | Found a basalt altar of Yredelemnul.
  9586 | D:8      | Noticed a two-headed ogre
  9611 | D:8      | Killed a two-headed ogre
  9611 | D:8      | Reached skill level 10 in Conjurations
  9829 | D:8      | Found a shadowy altar of Dithmenos.
  9974 | D:8      | Found Kizosung's Book Emporium.
  9980 | D:8      | Learned a level 1 spell: Freeze
 10406 | D:9      | Noticed a two-headed ogre
 10428 | D:9      | Killed a two-headed ogre
 10672 | D:9      | Found a sacrificial altar of Ru.
 10682 | D:9      | Found a bloodstained altar of Trog.
 10862 | D:9      | Found an ornate altar of the Wu Jian Council.
 10863 | D:9      | Found a hide-covered altar of Uskayaw.
 11271 | D:10     | Entered Level 10 of the Dungeon
 11340 | D:10     | Reached skill level 13 in Spellcasting
 11344 | D:10     | Slain by a troll

Skill      XL: |  1  2  3  4  5  6  7  8  9 10 |
---------------+-------------------------------+-----
Spellcasting   | 4 5 6 7 9 10 11 13 | 13.0
Conjurations   | 2 4 5 6 9 11 | 11.0
Fire Magic     | 4 5 6 7 8 |  8.5
Dodging        | 3 |  3.8
Fighting       | 1 |  1.5
Stealth        | |  2.4

Action                   |  1- 3 |  4- 6 |  7- 9 | 10-12 || total
-------------------------+-------+-------+-------+-------++-------
Melee: Unarmed           |     4 |       |       |       ||     4
       Dagger            |       |       |     6 |       ||     6
 Cast: Flame Tongue      |    73 |   130 |   223 |   120 ||   546
       Conjure Flame     |       |     2 |     6 |     5 ||    13
       Sticky Flame      |       |       |    16 |     2 ||    18
       Fireball          |       |       |       |     2 ||     2
 Stab: Sleeping          |     1 |       |     1 |       ||     2
  Eat: Chunk             |     1 |     9 |    11 |     6 ||    27
       Ration            |       |       |     1 |       ||     1
Armor: Robe              |     6 |     4 |    20 |     9 ||    39
Dodge: Dodged            |    23 |    39 |    63 |    20 ||   145
